 Dungeon Crawl Stone Soup version 0.27.1 (webtiles) character file.

Game seed: 15681319012540374392

349 ABBCCCDDDD the Magician (level 6, -6/42 HPs)
             Began as an Octopode Chaos Knight on Sept 1, 2021.
             Was a Plaything of Xom.
             Killed from afar by Dowan (21 damage)
             ... with a shard of ice
             ... on level 4 of the Dungeon.
             The game lasted 00:05:50 (3445 turns).

ABBCCCDDDD the Magician (Octopode Chaos Knight)     Turns: 3445, Time: 00:05:51

Health: -6/42      AC:  4    Str: 12    XL:     6   Next: 60%
Magic:  9/12       EV: 13    Int: 20    God:    Xom [...*..]
Gold:   126        SH:  0    Dex: 11    Spells: 4/13 levels left

rFire    . . .     SeeInvis .   a - +0 hand axe (chaos)
rCold    . . .     Faith    .   (no shield)
rNeg     . . .     Spirit   .   (helmet restricted)
rPois    .         Reflect  .   (no amulet)
rElec    .         Harm     .   b - ring of flight
rCorr    .         Rampage  .   (no ring)
Will     .....                  (no ring)
Stlth    ++........             (no ring)
HPRegen  1.14/turn              (no ring)
MPRegen  0.13/turn              (no ring)
                                (no ring)
                                (no ring)

@: flying
A: almost no armour, amphibious, 8 rings, camouflage 1, gelatinous body 1,
(nimble swimmer 1), tentacles, iridescent scales 1, clever 2, deterioration 1,
regeneration 1, shaggy fur 1
a: Renounce Religion


You were on level 4 of the Dungeon.
You worshipped Xom.
You were a favourite toy of Xom.
You visited 1 branch of the dungeon, and saw 4 of its levels.

You collected 126 gold pieces.

Inventory:

Hand Weapons
 a - a +0 hand axe of chaos (weapon)
Missiles
 k - 5 poisoned darts (quivered)
Jewellery
 b - a ring of flight (left tentacle)
 d - a ring of ice
Scrolls
 f - a scroll of vulnerability {unknown}
 g - 3 scrolls of immolation {unknown}
 h - a scroll of magic mapping {unknown}
 j - 2 scrolls of amnesia {unknown}
 m - a scroll of enchant armour {unknown}
 o - a scroll of teleportation {unknown}
 p - a scroll of identify {unknown}
Potions
 c - a potion of brilliance {unknown}
 e - a potion of attraction {unknown}
 i - a potion of ambrosia {unknown}
 l - a potion of heal wounds {unknown}
 n - a potion of mutation {unknown}


   Skills:
 - Level 3.0 Fighting
 - Level 3.0 Axes
 - Level 2.3 Dodging
 - Level 4.0 Spellcasting
 + Level 2.9 Conjurations
 + Level 2.9 Air Magic


You had 4 spell levels left.
You knew the following spells:

 Your Spells              Type           Power      Damage    Failure   Level
a - Borgnjor's Vile Clut  Necr/Erth      2%         N/A       98%         5
b - Shock                 Conj/Air       60%        1d6       3%          1
c - Swiftness             Air            15%        N/A       12%         3

Your spell library contained the following spells:

 Spells                   Type           Power      Damage    Failure   Level
 Airstrike                Air            7%         N/A       36%         4
 Alistair's Intoxication  Tmut/Pois      2%         N/A       98%         5
 Eringya's Noxious Bog    Tmut/Pois      2%         N/A       100%        6


Dungeon Overview and Level Annotations

Branches:
Dungeon (4/15)
 Temple: D:4-7

Altars:
Ashenzari
Xom
The Shining One

Shops:
D:3 *

Annotations:
D:3 exclusion: downstairs
D:4 exclusions: black bear, iguana and upstairs, Dowan


Innate Abilities, Weirdness & Mutations

You cannot wear most types of armour.
You are amphibious.
You can wear up to eight rings at the same time.
Your skin changes colour to match your surroundings (Stealth+).
Your rubbery body absorbs attacks. (AC +1, EV +1)
((You are camouflaged near water. (Stealth+)))
You have tentacles for arms and can constrict up to eight enemies at once.
You are partially covered in iridescent scales. (AC +2)
Your mind is very acute. (Int +4)
Your body sometimes deteriorates upon taking damage.
Your natural rate of healing is unusually fast.
You are covered in fur. (AC +1)


Message History

Duvessa is heavily wounded.
You constrict Duvessa.
Duvessa struggles to escape constriction.
You hit Duvessa but do no damage.
Duvessa is severely wounded.
You constrict Duvessa.
Duvessa struggles to escape constriction.
A kobold brigand comes into view.
It is wielding a +0 short sword and quivering curare-tipped darts.
You hit Duvessa but do no damage. You squeeze Duvessa.
Duvessa is almost dead.
You constrict Duvessa.
You kill Duvessa!
Dowan's eyes darken. "You have made a black mistake."
Dowan seems to find hidden reserves of power!
Dowan shakes with grief.
Dowan gestures at you while chanting. The stone arrow misses you.
You feel your intelligence returning.
You barely miss Dowan. Your grab misses Dowan.
Dowan gestures wildly while chanting.
Dowan blinks!
You miss Dowan. Your grab misses Dowan.
Dowan casts a spell.
Dowan blinks! "Just a minor improvement..."
Two doors burst open, and another door slams shut!
Dowan gestures at you while chanting. The shard of ice hits you!!
Ouch! That really hurt!
An orc skeleton comes into view.
You hit Dowan. Lightning courses through Dowan! Your grab misses Dowan.
Your squeeze misses Dowan.
Dowan is almost dead.
You hit the kobold brigand.
The kobold brigand suddenly seems more agile. "Serve the toy, my child!"
Dowan casts a spell at you. The shard of ice hits you!!
Ouch! That really hurt!
You die...

#####...†...........
#...................
#...................
#..##.#.####........
#. #..#'###.........
#. ##.....##...##+##
...#...†.##.....
#....+.._..5......
#.......e@K#......
#...##...!.# .....
#... ###'### ....
#.. .. ... #. ... ..
#. .... # #Z...
.....


You could see a kobold brigand (agile), Dowan (fast, ally target), an orc
skeleton and a friendly crimson imp (summoned).

Levels and vault maps discovered:
D:1:      matt_arrival_grand_opening, layout_basic,
          dreamdust_ecumenical_altar_drowned_temple
D:2:      layout_loops_cross, st_stairs_1, minmay_shallow_snake_nest
D:3:      minmay_chambers_of_threes, layout_rooms, cheibrodos_ashenzari_chains,
          serial_shops, nicolae_shop_trees
D:4:      layout_gridville, nicolae_uskayaw_suspiria,
          nicolae_tso_besieged_by_evil, uniq_duvessa

Notes
Turn   | Place    | Note
-------+----------+-------------------------------------------
     0 | D:1      | ABBCCCDDDD the Octopode Chaos Knight began the quest for
                  | the Orb.
     0 | D:1      | Reached XP level 1. HP: 16/16 MP: 1/1
    45 | D:1      | Reached skill level 1 in Spellcasting
    49 | D:1      | Reached XP level 2. HP: 16/21 MP: 1/3
   171 | D:1      | XOM: silly message
   295 | D:1      | XOM: silly message
   299 | D:1      | Found a faded altar of an unknown god.
   679 | D:1      | Reached skill level 2 in Spellcasting
   682 | D:1      | XOM: silly message
   808 | D:2      | Reached XP level 3. HP: 14/26 MP: 6/6
  1256 | D:2      | Reached skill level 3 in Spellcasting
  1257 | D:2      | XOM: silly message
  1463 | D:2      | XOM: silly message
  1601 | D:2      | Reached XP level 4. HP: 27/31 MP: 8/8
  1720 | D:2      | XOM: noise
  1983 | D:2      | XOM: scenery: create altars
  2136 | D:2      | XOM: draining
  2441 | D:1      | XOM: give mutations
  2441 | D:1      | Gained mutation: You are partially covered in iridescent
                  | scales. (AC +2) [Xom's grace]
  2441 | D:1      | Gained mutation: You are covered in fur. (AC +1) [Xom's
                  | grace]
  2545 | D:2      | XOM: give mutations
  2545 | D:2      | Gained mutation: Your mind is acute. (Int +2) [Xom's grace]
  2545 | D:2      | Gained mutation: Your mind is very acute. (Int +4) [Xom's
                  | grace]
  2549 | D:2      | XOM: cloud trail
  2725 | D:3      | XOM: give mutation
  2725 | D:3      | Gained mutation: Your body sometimes deteriorates upon
                  | taking damage. [Xom's mischief]
  2731 | D:3      | Found a broken altar of Ashenzari.
  2852 | D:3      | XOM: give mutation
  2852 | D:3      | Gained mutation: Your natural rate of healing is unusually
                  | fast. [Xom's grace]
  2983 | D:3      | Found Tekhoigae's General Store.
  3115 | D:3      | Reached XP level 5. HP: 36/36 MP: 10/10
  3115 | D:3      | ABBCCCDDDD: ??Vertigo
  3115 | D:3      | beem: vertigo[1/1]: A short-lived status (3-6 turns) caused
                  | by casting {Alistair's Intoxication} or from Xom. The
                  | effect is about the same as wearing heavier armour:
                  | decreased EV, increased spellcasting failure, and decreased
                  | accuracy.
  3121 | D:3      | Learned a level 5 spell: Borgnjor's Vile Clutch
  3137 | D:3      | Learned a level 1 spell: Shock
  3144 | D:3      | Reached skill level 4 in Spellcasting
  3282 | D:3      | Learned a level 3 spell: Swiftness
  3283 | D:4      | Noticed a black bear
  3358 | D:4      | Reached skill level 1 in Conjurations
  3388 | D:4      | Reached skill level 1 in Air Magic
  3401 | D:4      | Found a glowing golden altar of the Shining One.
  3424 | D:4      | Noticed Duvessa
  3427 | D:4      | Reached XP level 6. HP: 42/42 MP: 12/12
  3428 | D:4      | XOM: confuse monster(s)
  3434 | D:4      | Noticed Dowan
  3440 | D:4      | Killed Duvessa
  3444 | D:4      | XOM: scenery: 2 doors open, 1 doors close
  3445 | D:4      | XOM: summons friendly crimson imp
  3445 | D:4      | Killed from afar by Dowan

Table legend: (Time is in decaauts)
 A = Elapsed time spent in this place.
 B = Non-inter-level travel time spent in this place.
 C = Inter-level travel time spent in this place.
 D = Time resting spent in this place.
 E = Time spent auto-exploring this place.
 F = Levels seen in this place.
 G = Mean time per level.
                   A        B        C        D        E       F      G
               +--------+--------+--------+--------+--------+-----+--------+
         Total |   3474 |   3421 |     53 |   1214 |   1576 |   4 |  868.5 |
       Dungeon |   3474 |   3421 |     53 |   1214 |   1576 |   4 |  868.5 |
               +--------+--------+--------+--------+--------+-----+--------+

Top non-repeatable levels by time:
     D:2: 1697 daAuts
     D:1: 1017 daAuts
     D:3: 606 daAuts
     D:4: 152 daAuts

Table legend:
 A = Kills in this place as a percentage of kills in entire the game.
 B = Kills by you in this place as a percentage of kills by you in the entire game.
 C = Kills by friends in this place as a percentage of kills by friends in the entire game.
 D = Other kills in this place as a percentage of other kills in the entire game.
 E = Experience gained in this place as a percentage of experience gained in the entire game.
 F = Experience gained in this place divided by the number of levels of this place that you have seen.
                   A       B       C       D       E      F
               +-------+-------+-------+-------+-------+----------------------
         Total | 100.0 | 100.0 |   N/A | 100.0 | 100.0 | 124.8
       Dungeon | 100.0 | 100.0 |   N/A | 100.0 | 100.0 | 124.8
               +-------+-------+-------+-------+-------+----------------------

Action                   |  1- 3 |  4- 6 || total
-------------------------+-------+-------++-------
Melee: Hand axe          |    56 |   138 ||   194
       Constrict         |    11 |    31 ||    42
       Tentacles         |     7 |    17 ||    24
 Cast: Shock             |       |     6 ||     6
 Stab: Sleeping          |     4 |     5 ||     9
       Petrifying        |       |     1 ||     1
       Confused          |       |     1 ||     1
Armor: Skin              |     7 |    27 ||    34
Dodge: Dodged            |    39 |    68 ||   107

Vanquished Creatures
  Duvessa (D:4)
  A water moccasin skeleton (D:4)
  A hound (D:4)
  An iguana (D:4)
  3 adders (D:2)
  A white imp (D:4)
  2 worms (D:2)
  A dart slug (D:2)
  An orc (D:3)
  10 endoplasms
  4 giant cockroaches
  7 goblins
  6 hobgoblins
  12 jackals
  8 kobolds
  3 quokkas
  9 ball pythons
  4 bats
  5 frilled lizards
  2 goblin skeletons (D:4)
  A goblin zombie (D:4)
  2 hobgoblin zombies (D:4)
  2 kobold skeletons (D:4)
  A kobold zombie (D:4)
  An orc skeleton (D:4)
  8 rats
  A spectral kobold (D:1)
98 creatures vanquished.

Vanquished Creatures (others)
  A fungus (D:2)
1 creature vanquished.

Grand Total: 99 creatures vanquished
